 Dungeon Sprint DCSS version 0.27.1-3-gb3d3a73c9e (webtiles) character file.

Game seed: 13233526149940009492

10835 JuniperTheExplorer the Peltast (level 11, -9/111 HPs)
             Began as a Minotaur Fighter on Oct 14, 2021.
             Mangled by an ice devil (17 damage)
             ... summoned by an orc sorcerer
             ... while paralysed by an orc sorcerer
             ... in the Dungeon (Sprint IX: "|||||||||||||||||||||||||||||").
             The game lasted 00:11:25 (2207 turns).

JuniperTheExplorer the Peltast (Minotaur Fighter)   Turns: 2207, Time: 00:11:26

Health: -9/111     AC: 19    Str: 22    XL:     11   Next: 41%
Magic:  10/10      EV:  2    Int:  5    God:
Gold:   678        SH:  0    Dex: 12    Spells: 10/10 levels left

rFire    . . .     SeeInvis .   b - +2 rapier (flame)
rCold    . . .     Faith    .   c - +2 kite shield
rNeg     . . .     Spirit   .   o - +2 scale mail
rPois    .         Reflect  .   (helmet restricted)
rElec    .         Harm     .   p - +1 cloak
rCorr    .         Rampage  .   s - +0 pair of gloves
Will     .....     NoTele   +   r - +0 pair of boots
Stlth    +.........             (no amulet)
HPRegen  0.28/turn              m - +2 ring of protection
MPRegen  0.12/turn              n - +2 ring of evasion

@: paralysed
A: horns 2, retaliatory headbutt
a: no special abilities


You were in the Dungeon.
You visited 1 branch You collected 678 gold pieces.

Inventory:

Hand Weapons
 b - a +2 rapier of flaming (weapon)
Armour
 c - a +2 kite shield (worn)
 o - a +2 scale mail (worn)
 p - a +1 cloak (worn)
 r - a +0 pair of boots (worn)
 s - a +0 pair of gloves (worn)
Jewellery
 m - a +2 ring of protection (left hand)
 n - a +2 ring of evasion (right hand)
Wands
 l - a wand of iceblast (8)
 t - a wand of flame (8) (quivered)
Scrolls
 g - a scroll of identify
 j - 3 scrolls of blinking
 k - 2 scrolls of amnesia
 q - a scroll of fear
Potions
 a - 2 potions of heal wounds
 d - a potion of haste
 e - 3 potions of curing
 f - a potion of brilliance
 h - 4 potions of magic
 i - a potion of berserk rage


   Skills:
 + Level 14.6 Fighting
 + Level 14.9(15.7) Short Blades
 + Level 10.2(14.2) Long Blades
 + Level 14.6 Armour
 + Level 8.4 Dodging
 + Level 3.1 Stealth
 + Level 15.7 Shields
 + Level 1.9 Evocations


You had 10 spell levels left.
You didn't know any spells.
Your spell library was empty.

Dungeon Overview and Level Annotations

Branches:
Dungeon (1/1)

Altars:
Cheibriados
Dithmenos
Elyvilon
Fedhas
Gozag
Hepliaklqana
Kikubaaqudgha
Makhleb
Nemelex Xobeh
Okawaru
Qazlal
Ru
Sif Muna
Trog
Uskayaw
Vehumet
Wu Jian
Xom
Yredelemnul
Zin
The Shining One
Beogh
Jiyva
Lugonu


Innate Abilities, Weirdness & Mutations

You have a pair of horns on your head.
You reflexively headbutt those who attack you in melee.


Message History

You block the orc warrior's attack.
You hit the orc warrior but do no damage.
The orc warrior is lightly wounded.
An orc warrior comes into view. It is wielding a +0 halberd.
The orc warrior shouts!
You hit the orc warrior but do no damage.
The orc warrior is lightly wounded.
You hear a shout!
The orc warrior closely misses you.
You hit the orc warrior. You burn the orc warrior.
Your headbutt misses the orc warrior.
The orc warrior is moderately wounded.
You puncture the orc warrior! You burn the orc warrior.
You kill the orc warrior!
You closely miss the orc sorcerer. You closely miss the orc sorcerer.
Your headbutt misses the orc sorcerer.
The orc sorcerer casts a spell.
You barely miss the orc sorcerer. You headbutt the orc sorcerer.
The orc sorcerer is lightly wounded.
You hit the orc sorcerer but do no damage.
The orc sorcerer is lightly wounded.
The orc sorcerer casts a spell at you.
You suddenly lose the ability to move!
The ice devil hits you. The ice devil freezes you!!
The orc sorcerer hits you but does no damage.
The ice devil hits you. The ice devil freezes you!
The orc sorcerer hits you but does no damage.
The ice devil hits you but does no damage.
The orc sorcerer hits you but does no damage.
The ice devil hits you.
* * * LOW HITPOINT WARNING * * *
The ice devil freezes you!!
* * * LOW HITPOINT WARNING * * *
The orc sorcerer hits you but does no damage.
The ice devil hits you but does no damage.
The orc sorcerer hits you but does no damage.
The ice devil hits you.
* * * LOW HITPOINT WARNING * * *
The ice devil freezes you!
You die...

▓)▓.▓'▓.▓_▓
▓)▓.▓.▓.▓_▓
▓.▓.▓†▓.▓_▓
▓.▓.▓.▓.▓_▓
▓.▓.▓.▓.▓_▓
▓.▓.▓.▓.▓_▓
▓'▓.▓.▓.▓_▓
▓4▓.▓.▓.▓_▓
▓@▓)▓.▓.▓_▓
▓o▓.▓.▓.▓_▓
▓o▓.▓÷▓.▓_▓
▓o▓.▓÷▓.▓_▓
▓o▓.▓.▓.▓_▓
▓o▓.▓.▓.▓_▓
▓o▓.▓.▓.▓_▓
▓.▓.▓.▓.▓_▓
▓.▓.▓.▓_▓


You could see an ice devil (summoned), an orc sorcerer, 4 orc warriors and an
orc wizard.

Vanquished Creatures
  Erolcha (D)
  A tengu warrior (D)
  4 lindwurms (D)
  3 orc sorcerers (D)
  A cyclops (D)
  A salamander (shapeshifter) (D)
  A gargoyle (D)
  6 cane toads (D)
  A rime drake (D)
  A komodo dragon (D)
  A troll (D)
  A polar bear (D)
  A tyrant leech (D)
  A shadow (D)
  2 yaks (D)
  A wraith (D)
  2 wyverns (D)
  3 basilisks (D)
  2 vampire mosquitoes (D)
  3 water moccasins (D)
  5 orc warriors (D)
  A sky beast (D)
  A wolf (D)
  An orc priest (D)
  2 hounds (D)
  2 orc wizards (D)
  3 worms (D)
  6 orcs (D)
  2 ball pythons (D)
  2 bat zombies (D)
  An endoplasm (D)
  A hobgoblin (D)
  A quokka (D)
  A rat (D)
66 creatures vanquished.

Notes
Turn   | Place    | Note
-------+----------+-------------------------------------------
     0 | D        | JuniperTheExplorer the Minotaur Fighter began the quest for
                  | the Orb.
     0 | D        | Reached XP level 1. HP: 19/19 MP: 0/0
    10 | D        | Reached skill level 4 in Shields
    80 | D        | Noticed a sky beast
    80 | D        | Noticed a hound
    80 | D        | Noticed a hound
    86 | D        | Killed a sky beast
    86 | D        | Killed a hound
    87 | D        | Reached skill level 5 in Long Blades
    87 | D        | Reached skill level 6 in Shields
    87 | D        | Reached XP level 2. HP: 9/31 MP: 1/1
    87 | D        | Reached XP level 3. HP: 11/38 MP: 2/2
    87 | D        | Reached XP level 4. HP: 14/45 MP: 3/3
    90 | D        | Reached skill level 7 in Shields
    90 | D        | Reached XP level 5. HP: 25/52 MP: 4/4
   137 | D        | Found a snail-covered altar of Cheibriados.
   137 | D        | Found a shadowy altar of Dithmenos.
   137 | D        | Found a white marble altar of Elyvilon.
   137 | D        | Found a blossoming altar of Fedhas.
   137 | D        | Found an opulent altar of Gozag.
   138 | D        | Found a hazy altar of Hepliaklqana.
   249 | D        | Found a viscous altar of Jiyva.
   250 | D        | Found an ancient bone altar of Kikubaaqudgha.
   251 | D        | Found a corrupted altar of Lugonu.
   252 | D        | Found a burning altar of Makhleb.
   253 | D        | Found a sparkling altar of Nemelex Xobeh.
   254 | D        | Found an iron altar of Okawaru.
   255 | D        | Found a stormy altar of Qazlal.
   256 | D        | Found a sacrificial altar of Ru.
   257 | D        | Found a shimmering blue altar of Sif Muna.
   258 | D        | Found a bloodstained altar of Trog.
   259 | D        | Found a hide-covered altar of Uskayaw.
   260 | D        | Found a radiant altar of Vehumet.
   261 | D        | Found an ornate altar of the Wu Jian Council.
   262 | D        | Found a shimmering altar of Xom.
   263 | D        | Found a basalt altar of Yredelemnul.
   264 | D        | Found a glowing silver altar of Zin.
   265 | D        | Found a glowing golden altar of the Shining One.
   325 | D        | Noticed a wraith
   325 | D        | Noticed a troll
   325 | D        | Noticed a yak
   325 | D        | Noticed a shadow
   325 | D        | Noticed a yak
   341 | D        | Killed a wraith
   342 | D        | Reached skill level 1 in Dodging
   342 | D        | Reached skill level 8 in Shields
   342 | D        | Reached XP level 6. HP: 26/62 MP: 5/5
   345 | D        | Killed a troll
   346 | D        | Reached skill level 10 in Armour
   346 | D        | Reached skill level 9 in Shields
   364 | D        | Killed a yak
   365 | D        | Reached XP level 7. HP: 42/71 MP: 6/6
   370 | D        | Killed a shadow
   371 | D        | Reached skill level 10 in Fighting
   385 | D        | Killed a yak
   553 | D        | Noticed a cyclops
   553 | D        | Noticed a tengu warrior
   553 | D        | Noticed a salamander
   553 | D        | Noticed a gargoyle
   553 | D        | Noticed a vampire mosquito
   553 | D        | Noticed a vampire mosquito
   561 | D        | Killed a cyclops
   562 | D        | Reached skill level 10 in Long Blades
   562 | D        | Reached skill level 1 in Stealth
   562 | D        | Reached skill level 10 in Shields
   562 | D        | Reached XP level 8. HP: 81/81 MP: 7/7
   584 | D        | Killed a tengu warrior
   585 | D        | Reached skill level 5 in Dodging
   585 | D        | Reached skill level 11 in Shields
   594 | D        | Killed a salamander
   595 | D        | Reached XP level 9. HP: 21/89 MP: 8/8
   658 | D        | Killed a gargoyle
   663 | D        | Reached skill level 10 in Short Blades
   663 | D        | Reached skill level 12 in Shields
  1081 | D        | Noticed a cane toad
  1081 | D        | Noticed a cane toad
  1084 | D        | Noticed a cane toad
  1121 | D        | Killed a cane toad
  1150 | D        | Killed a cane toad
  1151 | D        | Reached skill level 1 in Evocations
  1151 | D        | Reached XP level 10. HP: 68/97 MP: 9/9
  1152 | D        | Killed a cane toad
  1153 | D        | Reached skill level 13 in Shields
  1290 | D        | Noticed a cane toad
  1290 | D        | Noticed a cane toad
  1306 | D        | Noticed a cane toad
  1318 | D        | Killed a cane toad
  1334 | D        | Killed a cane toad
  1341 | D        | Reached skill level 14 in Shields
  1355 | D        | Killed a cane toad
  1537 | D        | Noticed a lindwurm
  1537 | D        | Noticed a lindwurm
  1537 | D        | Noticed a lindwurm
  1537 | D        | Noticed a lindwurm
  1658 | D        | Killed a lindwurm
  1662 | D        | Killed a lindwurm
  1669 | D        | Killed a lindwurm
  1670 | D        | Reached XP level 11. HP: 107/107 MP: 10/10
  1682 | D        | Killed a lindwurm
  1878 | D        | Noticed Erolcha
  1893 | D        | Killed Erolcha
  1894 | D        | Reached skill level 15 in Shields
  2041 | D        | Noticed an orc sorcerer
  2064 | D        | Killed an orc sorcerer
  2162 | D        | Noticed an orc sorcerer
  2162 | D        | Noticed an orc sorcerer
  2164 | D        | Noticed an orc sorcerer
  2166 | D        | Killed an orc sorcerer
  2180 | D        | Killed an orc sorcerer
  2202 | D        | Paralysed by an orc sorcerer for 5 turns
  2207 | D        | Mangled by an ice devil

Illustrated notes

Levels and vault maps discovered:
D:        linesprint [early_d, line_temple, items_1, d_10, items_2, lair_1,
          lair_end, items_3, orc_1, orc_end, items_4, d_15, swamp_1, shoals_1,
          snake_1, spider_1, d_20, vaults_1, items_5, swamp_end, shoals_end,
          snake_end, spider_end, vaults_end, d_27, items_6, zot_1, zot_end,
          crypt_end, forest_end, elf_end, slime_end, tomb_end, abyss_end,
          pan_hell_end]

Skill      XL: |  1  2  3  4  5  6  7  8  9 10 11 |
---------------+----------------------------------+-----
Fighting       | 6 7 8 9 10 11 12 13 14 | 14.6
Armour         | 7 9 10 11 12 13 14 | 14.6
Shields        | 6 7 8 9 10 11 12 14 15 | 15.7
Long Blades    | 5 6 7 9 10 | 10.2
Dodging        | 1 2 4 5 6 7 8 |  8.4
Short Blades   | 3 6 9 11 13 14 | 14.9
Stealth        | 1 2 3 |  3.1
Evocations     | 1 |  1.9

Action                   |  1- 3 |  4- 6 |  7- 9 | 10-12 || total
-------------------------+-------+-------+-------+-------++-------
Melee: Long sword        |    17 |     3 |       |       ||    20
       Headbutt          |     2 |     4 |    20 |    49 ||    75
       Rapier            |       |    29 |    99 |   209 ||   337
Evoke: Wand              |       |       |     2 |     1 ||     3
  Use: Potion            |     1 |     4 |     6 |       ||    11
       Scroll            |       |       |     5 |       ||     5
 Stab: Invisible         |       |     1 |       |       ||     1
Armor: Scale mail        |     8 |    10 |    20 |    33 ||    71
Dodge: Dodged            |     3 |    12 |    22 |    41 ||    78
Block: Kite shield       |     9 |    17 |    40 |    63 ||   129
       Rpst.: Long sword |     1 |       |       |       ||     1
